 Dungeon Crawl Stone Soup version 0.29-a0-80-g3050e97935 (webtiles) character file.

Game seed: 11965581522338334529

174 Gargoyl the Skirmisher (level 5, -3/47 HPs)
             Began as a Ghoul Abyssal Knight on Feb 4, 2022.
             Was a Believer of Lugonu.
             Slain by an orc (7 damage)
             ... on level 2 of the Dungeon.
             The game lasted 00:02:49 (2296 turns).

Gargoyl the Skirmisher (Ghoul Abyssal Knight)       Turns: 2296, Time: 00:02:50

Health: -3/47      AC: 12    Str: 16 (19) XL:     5   Next: 54%
Magic:  5/5        EV:  5    Int:  4 (5)  God:    Lugonu [**....]
Gold:   146        SH:  0    Dex:  7 (9)  Spells: 4/4 levels left

rFire   . . .      SeeInvis .   j - +0 dagger (drain)
rCold   + . .      Faith    .   (no shield)
rNeg    + + +      Spirit   .   c - +1 plate armour
rPois   ∞          Reflect  .   (no helmet)
rElec   .          Harm     .   (no cloak)
rCorr   .          Rampage  .   (no gloves)
Will    .....                   (no boots)
Stlth   ..........              (no amulet)
HPRegen 0.00/turn               (no ring)
MPRegen 0.09/turn               (no ring)

@: brilliant, inhibited regen
A: claws 1, cold resistance 1, negative energy resistance 3, inhibited
regeneration, torment resistance 2
a: Renounce Religion, Depart the Abyss, Bend Space


You were on level 2 of the Dungeon.
You worshipped Lugonu.
Lugonu was pleased with you.
You visited 1 branch of the dungeon, and saw 3 of its levels.
You visited the Abyss 1 time.

You collected 146 gold pieces.

Inventory:

Hand Weapons
 a - a +1 hand axe
 j - a +0 dagger of draining (weapon)
Armour
 c - a +1 plate armour (worn)
Scrolls
 h - 2 scrolls of magic mapping
 l - 2 scrolls of teleportation
Potions
 b - a potion of might


   Skills:
 + Level 4.7 Fighting
 + Level 0.4 Short Blades
 + Level 2.7 Axes
 + Level 3.1 Armour
 + Level 1.3 Dodging
 + Level 0.2 Stealth
 + Level 2.3 Invocations


You had 4 spell levels left.
You didn't know any spells.
Your spell library contained the following spells:

 Spells                   Type           Power      Damage    Failure   Level
 Ignite Poison            Fire/Tmut/Pois 0%         N/A       100%        3
 Mephitic Cloud           Conj/Pois/Air  0%         N/A       100%        3
 Freezing Cloud           Conj/Ice/Air   0%         6-21      100%        5


Dungeon Overview and Level Annotations

Branches:
Dungeon (3/15)

Altars:
Qazlal


Innate Abilities, Weirdness & Mutations

You thrive by killing the living.
You are immune to poison.
You have sharp fingernails.
Your flesh is cold resistant. (rC+)
You are immune to negative energy. (rN+++)
You do not regenerate when monsters are visible.
You are immune to unholy pain and torment.


Message History

You are frozen.
You resist.
The orc priest hits you but does no damage.
Okay, then.
It was a potion of brilliance.
You feel clever all of a sudden. The orc hits you but does no damage.
The orc priest barely misses you. Something hits you but does no damage.
The endoplasm hits you but does no damage.
The orc priest hits you but does no damage.
It was a potion of heal wounds.
You feel much better. The orc hits you but does no damage.
The orc priest hits you but does no damage.
You hear some strange, mumbled words.
A puff of flame appears from out of thin air!
The puff of flame hits you. The endoplasm barely misses you.
The orc priest invokes the aid of Beogh against you.
Beogh smites you!
* * * LOW HITPOINT WARNING * * *
The orc hits you but does no damage. Something hits you but does no damage.
It was a potion of degeneration.
There was something very wrong with that liquid.
You feel weakened.
You feel dopey.
You feel clumsy.
The orc priest calls upon Beogh to heal the orc priest.
It was a potion of curing.
You feel better.
The orc priest hits you with a +0 flail!
* * * LOW HITPOINT WARNING * * *
It was a potion of mutation.
You feel extremely strange.
Your body decomposes!
You feel clumsy. The endoplasm closely misses you.
The orc priest hits you with a +0 flail!
* * * LOW HITPOINT WARNING * * *
The endoplasm hits you but does no damage.
There is a stone staircase leading up here.
The endoplasm completely misses you.
You climb upwards.
Reactivating autopickup.
There is a stone staircase leading down here.
You hit the endoplasm but do no damage. The orc hits you with a +0 war axe!
You die...

###### #....#
###.##.#
#####....#.# #
#..........##
####.###.##....###
............[..o@#
..##.#.#.##....#J#
.........##..<...#
...#†#.#.......###
...#†............#
...#.###.#.#.#.#.#
...#.#....<#.###.#
.....#.#...#.# #.#
##.###.#.....# #.#


You could see an orc and an endoplasm.

Vanquished Creatures
  Natasha (twice) (D:2)
  6 adders
  4 dart slugs
  6 orcs (D:3)
  2 bats
  5 endoplasms
  A giant cockroach (D:3)
  A goblin (D:1)
  8 hobgoblins
  5 jackals
  7 kobolds
  2 quokkas (D:3)
  2 ball pythons
  3 rats
54 creatures vanquished.

Vanquished Creatures (collateral kills)
  A goblin (D:2)
1 creature vanquished.

Vanquished Creatures (others)
  A plant (D:3)
1 creature vanquished.

Grand Total: 56 creatures vanquished

Notes
Turn   | Place    | Note
-------+----------+-------------------------------------------
     0 | Abyss:1  | Gargoyl the Ghoul Abyssal Knight began the quest for the
                  | Orb.
     0 | Abyss:1  | Reached XP level 1. HP: 19/19 MP: 1/1
     0 | D:1      | Escaped the Abyss
   230 | D:1      | Reached * piety under Lugonu
   295 | D:1      | Reached XP level 2. HP: 24/27 MP: 2/2
  1068 | D:2      | Reached skill level 4 in Fighting
  1068 | D:2      | Reached XP level 3. HP: 23/33 MP: 3/3
  1269 | D:2      | Noticed Natasha
  1274 | D:2      | Killed Natasha
  1275 | D:2      | Reached XP level 4. HP: 41/41 MP: 4/4
  1547 | D:2      | Reached skill level 1 in Dodging
  1662 | D:2      | Noticed Natasha
  1672 | D:2      | Killed Natasha
  1739 | D:3      | Reached XP level 5. HP: 44/47 MP: 5/5
  1763 | D:3      | Found a faded altar of an unknown god.
  1828 | D:3      | Reached ** piety under Lugonu
  2043 | D:3      | Found a stormy altar of Qazlal.
  2044 | D:3      | Noticed a water elemental
  2047 | D:3      | Noticed a fire elemental
  2047 | D:3      | Noticed an air elemental
  2296 | D:2      | Slain by an orc

Illustrated notes

Levels and vault maps discovered:
D:1:      nagdon_arrival_double_spiral, layout_basic, minmay_close_crescents
D:2:      layout_basic, uniq_natasha
D:3:      layout_rooms, nicolae_qazlal_style_of_elements,
          shapermc_ecumenical_altar_mp_ritualfount, minmay_misc_feat_pillars,
          hex_medium

Skill      XL: |  1  2  3  4  5 |
---------------+----------------+-----
Armour         | 2 3 |  3.1
Fighting       | 4 |  4.7
Axes           | 2 |  2.7
Dodging        | 1 |  1.3
Short Blades   | |  0.4
Stealth        | |  0.2
Invocations    | |  2.3

Action                   |  1- 3 |  4- 6 || total
-------------------------+-------+-------++-------
Melee: Hand axe          |    59 |     9 ||    68
       Dagger            |       |   148 ||   148
       Punch             |       |     1 ||     1
Invok: Depart the Abyss  |     1 |       ||     1
  Use: Scroll            |     1 |     6 ||     7
       Potion            |       |     5 ||     5
Armor: Plate armour      |    51 |   173 ||   224
Dodge: Dodged            |    19 |    62 ||    81

Table legend: (Time is in decaauts)
 A = Elapsed time spent in this place.
 B = Non-inter-level travel time spent in this place.
 C = Inter-level travel time spent in this place.
 D = Time resting spent in this place.
 E = Time spent auto-exploring this place.
 F = Levels seen in this place.
 G = Mean time per level.
                   A        B        C        D        E       F      G
               +--------+--------+--------+--------+--------+-----+--------+
         Total |   2388 |   2306 |     82 |     97 |   1711 |   4 |  597.0 |
       Dungeon |   2388 |   2306 |     82 |     97 |   1711 |   3 |  796.0 |
         Abyss |      0 |      0 |      0 |      0 |      0 |   1 |    0.0 |
               +--------+--------+--------+--------+--------+-----+--------+

Top non-repeatable levels by time:
     D:1: 1007 daAuts
     D:2: 812 daAuts
     D:3: 567 daAuts
